 Dungeon Crawl Stone Soup version 0.30-a0-368-g86fb4627a9 (webtiles) character file.

Game seed: 8945330885419516010

167 MudFish the Poker (level 5, -4/41 HPs)
             Began as a Merfolk Gladiator on Nov 19, 2022.
             Killed by nerve-wracking pain
             ... invoked by Grinder
              (7 damage)
             ... on level 3 of the Dungeon.
             The game lasted 00:05:39 (1960 turns).

MudFish the Poker (Merfolk Gladiator)               Turns: 1960, Time: 00:05:39

Health: -4/41      AC:  8    Str: 14    XL:     5   Next: 48%
Magic:  5/5        EV: 13    Int:  7    God:
Gold:   94         SH:  0    Dex: 18    Spells: 4/4 levels left

rFire   . . .      SeeInvis +    a - +0 trident
rCold   . . .      Faith    .    (no shield)
rNeg    . . .      Spirit   .    i - +0 ring mail
rPois   .          Reflect  .    n - +2 helmet {SInv}
rElec   .          Harm     .    (no cloak)
rCorr   .          Rampage  .    (no gloves)
Will    .....                    (no boots)
Stlth   +.........               (no amulet)
HPRegen 0.26/turn                (no ring)
MPRegen 0.09/turn                (no ring)

@: flying
A: (nimble swimmer 2), mertail
a: no special abilities


You were on level 3 of the Dungeon.
You visited 1 branch of the dungeon, and saw 3 of its levels.

You collected 94 gold pieces.

Inventory:

Hand Weapons
 a - a +0 trident (weapon)
Missiles
 d - 3 throwing nets (quivered)
 e - a javelin
Armour
 b - a +0 leather armour
 c - a +0 helmet
 i - a +0 ring mail (worn)
 n - a +2 helmet of see invisible (worn)


   Skills:
 * Level 3.1 Fighting
 * Level 6.1 Polearms
 - Level 2.0 Throwing
 - Level 5.6 Dodging
 + Level 0.7 Stealth


You had 4 spell levels left.
You didn't know any spells.
Your spell library was empty.

Dungeon Overview and Level Annotations

Branches:
Dungeon (3/15)

Altars:

Annotations:
D:3 Grinder


Innate Abilities, Weirdness & Mutations

((You are very nimble when in or above water. (Stealth+, EV+, Speed+++)))
Your lower body shifts to a powerful aquatic tail in water.


Message History

You puncture the adder!
You kill the adder!
You hit Grinder.
Grinder is lightly wounded.
Grinder closely misses you.
You barely miss Grinder.
Grinder is lightly wounded.
Grinder gestures at you. Pain shoots through your body!
You barely miss Grinder.
Grinder is lightly wounded.
Grinder gestures at you. Pain shoots through your body!
You are too injured to fight recklessly!
You are too injured to fight recklessly!
You feel very buoyant.
You fly up into the air.
Grinder blinks!
You aren't carrying any scrolls.
You see here an adder corpse.
Grinder hits you but does no damage.
You closely miss Grinder.
Grinder is lightly wounded.
Grinder completely misses you.
You puncture Grinder!
Grinder is moderately wounded.
Grinder misses you.
You closely miss Grinder.
Grinder is moderately wounded.
Grinder hits you.
You writhe in agony.
* * * LOW HITPOINT WARNING * * *
You hit Grinder.
Grinder is moderately wounded.
Grinder gestures at you. Pain shoots through your body!
* * * LOW HITPOINT WARNING * * *
You hit Grinder.
Grinder is moderately wounded.
Grinder gestures at you. Pain shoots through your body!
You die...

#.......##
#........#####
#...###..#...##
.†....#....#.>#
....#.....###.####
##..###..........#
#.......#...###.#
##......#...# #†#
......####.#..##@#
......# #....##5#
......# #.##.##.#
......# .. ....#
......# ## ####
......#


You could see Grinder.

Vanquished Creatures
  A hound (D:3)
  4 gnolls
  2 adders
  A worm (D:2)
  A dart slug (D:1)
  5 orcs (D:2)
  4 ball pythons
  A bat skeleton (D:2)
  5 endoplasms
  A giant cockroach (D:1)
  7 goblins
  4 hobgoblins
  12 jackals
  4 kobolds
  3 quokkas (D:1)
  2 ball python zombies (D:2)
  3 bats
  2 frilled lizards (D:2)
  A jackal skeleton (D:2)
  2 rats (D:1)
65 creatures vanquished.

Vanquished Creatures (others)
  3 withered plants (D:2)
3 creatures vanquished.

Grand Total: 68 creatures vanquished

Notes
Turn   | Place    | Note
-------+----------+-------------------------------------------
     0 | D:1      | MudFish the Merfolk Gladiator began the quest for the Orb.
     0 | D:1      | Reached XP level 1. HP: 16/16 MP: 1/1
    70 | D:1      | Reached XP level 2. HP: 21/22 MP: 2/2
   274 | D:1      | Reached XP level 3. HP: 18/28 MP: 3/3
   288 | D:1      | Reached skill level 5 in Polearms
   791 | D:2      | Reached skill level 5 in Dodging
   801 | D:2      | Reached XP level 4. HP: 32/34 MP: 4/4
  1066 | D:2      | Reached XP level 5. HP: 40/40 MP: 5/5
  1901 | D:3      | Reached skill level 6 in Polearms
  1937 | D:3      | Noticed Grinder
  1959 | D:3      | HP: 2/41 [Grinder/nerve-wracking pain (9)]
  1960 | D:3      | Killed from afar by Grinder

Illustrated notes

Levels and vault maps discovered:
D:1:      dpeg_arrival_radiant, layout_rooms
D:2:      layout_basic, serial_undead, serial_undead_d, serial_undead_b,
          serial_undead_e, serial_undead_a, minivault_11
D:3:      layout_loops_cross, serial_shops, shop_fountains, uniq_grinder

Skill      XL: |  1  2  3  4  5 |
---------------+----------------+-----
Polearms       | 5 6 |  6.1
Dodging        | 5 |  5.6
Fighting       | 3 |  3.1
Throwing       | |  2.0
Stealth        | |  0.7

Action                   |  1- 3 |  4- 6 || total
-------------------------+-------+-------++-------
Melee: Trident           |   110 |   152 ||   262
       Punch             |     1 |     1 ||     2
  Use: Scroll            |     4 |     1 ||     5
       Potion            |     1 |     4 ||     5
 Stab: Sleeping          |     1 |       ||     1
Armor: Leather armour    |    17 |       ||    17
       Ring mail         |       |    66 ||    66
Dodge: Dodged            |    67 |   133 ||   200

Table legend: (Time is in decaauts)
 A = Elapsed time spent in this place.
 B = Non-inter-level travel time spent in this place.
 C = Inter-level travel time spent in this place.
 D = Time resting spent in this place.
 E = Time spent auto-exploring this place.
 F = Levels seen in this place.
 G = Mean time per level.
                   A        B        C        D        E       F      G
               +--------+--------+--------+--------+--------+-----+--------+
         Total |   1969 |   1931 |     38 |    200 |   1210 |   3 |  656.3 |
       Dungeon |   1969 |   1931 |     38 |    200 |   1210 |   3 |  656.3 |
               +--------+--------+--------+--------+--------+-----+--------+

Top non-repeatable levels by time:
     D:2: 1162 daAuts
     D:1: 726 daAuts
     D:3: 80 daAuts
